 Dungeon Crawl Stone Soup version 0.18-a0-998-gcb3fcb1 (webtiles) character file.

218 M4edhros the Sneak (level 5, -2/33 HPs)
             Began as an Octopode Artificer on Jan 5, 2016.
             Slain by an orc
             ... wielding a +0 hand axe
              (5 damage)
             ... on level 3 of the Dungeon.
             The game lasted 00:02:15 (1048 turns).

M4edhros the Sneak (Octopode Artificer)             Turns: 1048, Time: 00:02:16

Health: -2/33      AC:  1    Str: 11    XL:     5   Next: 95%
Magic:  8/8        EV: 13    Int: 15    God:    Xom [......]
Gold:   127        SH:  0    Dex: 12    Spells: 0 memorised, 4 levels left

rFire  . . .     SeeInvis .     r - +0 dagger (curse)
rCold  . . .     Gourm    .     (no shield)
rNeg   . . .     Faith    .     (helmet restricted)
rPois  .         Spirit   .     (no amulet)
rElec  .         Dismiss  .     j - ring of loudness (curse)
rCorr  .         Reflect  .     (no ring)
SustAt .         Harm     .     (no ring)
MR     .....                    (no ring)
Stlth  +++.......               (no ring)
                                (no ring)
                                (no ring)
                                (no ring)

@: not resistant to hostile enchantments, fairly stealthy
A: almost no armour, amphibious, 8 rings, constrict 8, camouflage 1, gelatinous
body 1
a: Renounce Religion


You were on level 3 of the Dungeon.
You worshipped Xom.
You were a very special plaything of Xom.
You were hungry.

You visited 1 branch of the dungeon, and saw 3 of its levels.

You collected 127 gold pieces.

Inventory:

Hand Weapons
 a - a +0 short sword
 i - a +0 hunting sling
 r - a cursed +0 dagger (weapon)
Missiles
 g - 129 stones (quivered)
Jewellery
 j - a cursed ring of loudness (left tentacle)
Wands
 b - a wand of flame (10/48)
 c - a wand of enslavement (15/24)
 d - a wand of random effects (19/48)
 o - a wand of random effects (19/48)
Scrolls
 k - a scroll of fear
 l - a scroll of remove curse {unknown}
 p - 2 scrolls of teleportation {unknown}
 s - a scroll of enchant weapon {unknown}
Potions
 e - a potion of magic {unknown}
Comestibles
 f - 2 bread rations
 h - a beef jerky
 m - a chunk of flesh
 n - a royal jelly
 q - 2 meat rations


   Skills:
 - Level 1.0 Fighting
 - Level 1.0 Short Blades
 * Level 1.9 Slings
 * Level 3.7 Dodging
 * Level 4.8 Stealth
 + Level 4.1 Evocations


You had 4 spell levels left.
You didn't know any spells.

Dungeon Overview and Level Annotations

Branches:
Dungeon (3/15)

Altars:
Gozag
Xom


Innate Abilities, Weirdness & Mutations

You cannot wear most types of armour.
You are amphibious.
You can wear up to eight rings at the same time.
You can use your tentacles to constrict eight enemies at once.
Your skin changes colour to match your surroundings (Stealth).
Your rubbery body absorbs attacks (AC +1).


Message History

The puff of flame hits the orc priest.
The orc priest is severely wounded.
This wand has 12 charges left.
You constrict the orc priest, but do no damage.
The orc priest hits you but does no damage.
Evoke which item? (* to show all) (? for menu, Esc to quit)
Zapping:
b - a wand of flame (12/48)
Press: ? - help, Shift-Dir - straight line, f/p - orc priest
Aim: an orc priest, wielding a dagger and wearing a ring mail (severely wounded, constricted by you)
The puff of flame hits the orc priest.
You kill the orc priest!
This wand has 11 charges left.
Evoke which item? (* to show all) (? for menu, Esc to quit)
Zapping:
b - a wand of flame (11/48)
Press: ? - help, Shift-Dir - straight line, f - orc
Aim: an orc, wielding a hand axe and wearing a leather armour The puff of flame misses the orc.
This wand has 10 charges left.
You are feeling hungry.
The orc hits you with a hand axe.
You die...

.......#.# #.#
.#.......#######.#####.#.
.........................
.###.##.########.#####.#.
.###.##.# #.....#
+###.##.####.###.#
[..........#+ #.#
.........#....##.# ∆
.....###......##@#
.....'..<..^..##o#
.....###...#+###.# ∆
.....# ...# #.# .....#
.#.# #.# ..)..# .#.# #.#
.....###.# #.# ##.......#
#.# .......### ∆


You could see an orc.

Vanquished Creatures
  The ghost of M4edhros the Sneak, an amateur OpAr of Okawaru (D:3)
  An orc priest (D:3)
  Ijyb (D:2)
  A sheep (D:3)
  3 adders
  4 worms (D:2)
  A giant gecko (D:1)
  An orc (D:3)
  3 ball pythons
  7 bats
  A giant cockroach (D:2)
  4 goblins
  2 hobgoblins
  A quokka (D:2)
  A giant newt (D:2)
  3 kobolds
  3 rats
38 creatures vanquished.

Notes
Turn   | Place    | Note
--------------------------------------------------------------
     0 | D:1      | M4edhros the Octopode Artificer began the quest for the Orb.
     0 | D:1      | Reached XP level 1. HP: 13/13 MP: 3/3
   117 | D:1      | Reached XP level 2. HP: 15/18 MP: 4/4
   226 | D:2      | Noticed Ijyb
   241 | D:2      | Killed Ijyb
   241 | D:2      | Reached XP level 3. HP: 11/23 MP: 5/5
   414 | D:2      | Found a shimmering altar of Xom.
   424 | D:2      | Became a worshipper of Xom of Chaos
   471 | D:2      | Reached XP level 4. HP: 13/28 MP: 6/6
   559 | D:2      | Found an opulent altar of Gozag.
   797 | D:3      | XOM: harmless Divn miscast
   844 | D:3      | Noticed M4edhros's ghost (amateur OpAr)
   891 | D:3      | XOM: divination: detect items
   894 | D:3      | XOM: enchant monster (good)
   903 | D:3      | Killed M4edhros's ghost
   903 | D:3      | Reached skill level 1 in Slings
   903 | D:3      | Reached skill level 4 in Stealth
   903 | D:3      | Reached XP level 5. HP: 18/33 MP: 6/8
   992 | D:3      | XOM: vitrification
   993 | D:3      | Noticed Sigmund
   995 | D:3      | Noticed Sigmund
   995 | D:3      | Sigmund changed into Sigmund the sheep
  1015 | D:3      | Killed Sigmund the sheep
  1048 | D:3      | Slain by an orc

Vault maps used:
D:1:      mushboom_english_gardens, amethyst_killhole
D:2:      xom_butterflies, nicolae_gozag_seed_capital, uniq_iyjb
D:3:      first_bread, uniq_sigmund

Action                   |  1- 3 |  4- 6 || total
-------------------------+-------+-------++-------
Melee: Short sword       |    50 |    10 ||    60
       Dagger            |       |    28 ||    28
Evoke: Wand              |       |    14 ||    14
  Use: Scroll            |       |     2 ||     2
       Potion            |       |     2 ||     2
 Stab: Sleeping          |     8 |     2 ||    10
